 Seeded DCSS version 0.32-a0-473-gd044c6f0f0 (webtiles) character file.

Game seed: 7220356206648857820 (custom seed)

57 CInkIbrahim the Poker (level 4, -3/35 HPs)
             Began as a Coglin Fighter on Feb 25, 2024.
             Was a Follower of Lugonu.
             Slain by a hobgoblin (4 damage)
             ... on level 2 of the Dungeon.
             The game lasted 00:00:41 (1275 turns).

CInkIbrahim the Poker (Coglin Fighter)              Turns: 1275, Time: 00:00:41

Health: -3/35      AC:  6    Str: 19    XL:     4   Next: 0%
Magic:  4/4        EV:  9    Int:  7    God:    Lugonu [*.....]
Gold:   99         SH:  4    Dex: 13    Spells: 3/3 levels left

rFire   . . .        a - +0 trident {Salvador}
rCold   . . .        c - +0 buckler
rNeg    . . .        b - +0 scale mail
rPois   .            (no helmet)
rElec   .            (no cloak)
rCorr   .            (no gloves)
SInv    .            (no boots)
Will    .....        (no amulet) Stlth
                     (ring unavailable)
HPRegen 0.25/turn    (ring unavailable)
MPRegen 0.09/turn

%: no passive effects
@: lethally poisoned (-3 -> -5), revved
A: off-hand wielding, slow wielding, warmup strikes, no rings
a: Renounce Religion, Depart the Abyss


You were on level 2 of the Dungeon.
You worshipped Lugonu.
Lugonu was aware of your devotion.
You visited 1 branch of the dungeon, and saw 2 of its levels.

You collected 99 gold pieces.

Inventory:

Hand Weapons
 a - a +0 trident (weapon) {Salvador}
Armour
 b - a +0 scale mail (worn)
 c - a +0 buckler (worn)
Scrolls
 e - a scroll of vulnerability {unknown}
 i - 3 scrolls of acquirement {unknown}
 j - 2 scrolls of teleportation {unknown}
 l - a scroll of amnesia {unknown}
 m - a scroll of identify {unknown}
Potions
 d - 2 potions of might
 f - a potion of degeneration {unknown}
 g - 2 potions of invisibility {unknown}
 h - a potion of enlightenment {unknown}
 k - 3 potions of curing {unknown}
 n - a potion of mutation {unknown}


   Skills:
 - Level 3.0 Fighting
 + Level 3.7 Polearms
 - Level 2.6 Armour
 - Level 2.1 Shields


You had 3 spell levels left.
You didn't know any spells.
Your spell library contained the following spells:

 Spells                   Type           Power      Damage    Failure   Level
 Dazzling Flash           Conj/Hex       0%         N/A       99%         3
 Volatile Blastmotes      Fire/Tloc      0%         2d10      99%         3
 Starburst                Conj/Fire      0%         6d3       100%        6
 Maxwell's Capacitive Co  Air            0%         ∞         100%        8


Dungeon Overview and Level Annotations

Branches:
Dungeon (2/15)

Altars:
Lugonu


Innate Abilities, Weirdness & Mutations

You can wield a second weapon in your off-hand.
It takes a long time for you to wield or remove held weapons.
Your first few attacks do less damage.
Your grasper-arms cannot wear rings.


Message History

* * * LOW HITPOINT WARNING * * *
The adder bites you but does no damage.
The hobgoblin hits you but does no damage.
The adder bites you but does no damage. x2; The hobgoblin closely misses you.
You hit the adder.
The adder is severely wounded.
You block the adder's attack. The adder bites you but does no damage.
The hobgoblin hits you but does no damage.
You barely miss the adder.
The adder is severely wounded.
The adder misses you. You block the adder's attack.
The hobgoblin closely misses you. The adder barely misses you.
The adder bites you but does no damage.
You hit the adder.
The adder is almost dead.
You block the adder's attack. You block the hobgoblin's attack.
The adder barely misses you.
You puncture the adder!
You kill the adder!
Lugonu accepts your kill. The adder bites you.
* * * LOW HITPOINT WARNING * * *
You are lethally poisoned!
The adder poisons you!
The hobgoblin hits you but does no damage.
You have reached level 4!
You feel stronger.
You barely miss the adder.
* * * LOW HITPOINT WARNING * * *
You feel sick. The adder completely misses you.
You block the hobgoblin's attack. The adder closely misses you.
You barely miss the adder.
* * * LOW HITPOINT WARNING * * *
You feel sick. The adder bites you but does no damage.
The hobgoblin hits you but does no damage.
You hit the adder.
The adder is heavily wounded.
* * * LOW HITPOINT WARNING * * *
You feel sick. The adder bites you but does no damage. The hobgoblin hits you.
You die...

##..
..$....$)......
######'
...............
#......
...............
######) #
...............
##. ##
................
##.. .#
!...............
#.#... #
......S.g.......
##.#... #
#..)..†@.......#
....... ###.#
##............#
##.#.#. ....#
##..........##
#..... #####
##........##
###.#. ####''####
#.#. #...## #...
###..############.
##...<......# #.
#####
###.######.###.


You could see an adder and a hobgoblin.

Vanquished Creatures
  3 adders (D:2)
  A dart slug (D:1)
  A ribbon worm (D:2)
  2 endoplasms (D:1)
  5 goblins (D:2)
  A hobgoblin (D:2)
  2 quokkas (D:1)
  2 ball pythons
  A bat (D:2)
  4 frilled lizards
  4 rats (D:2)
26 creatures vanquished.

Notes
Turn   | Place    | Note
-------+----------+-------------------------------------------
     0 | D:1      | CInkIbrahim the Coglin Fighter began the quest for the Orb.
     0 | D:1      | Reached XP level 1. HP: 18/18 MP: 1/1
   277 | D:1      | Found a faded altar of an unknown god.
   311 | D:1      | Reached XP level 2. HP: 19/24 MP: 2/2
   320 | D:1      | Prayed at the altar of an unknown god.
   320 | D:1      | Became a worshipper of Lugonu the Unformed
   320 | D:1      | Reached * piety under Lugonu
   931 | D:2      | Reached XP level 3. HP: 12/29 MP: 3/3
  1273 | D:2      | Reached XP level 4. HP: 4/35 MP: 4/4
  1275 | D:2      | HP: 1/35 [poisoned by an adder]
  1275 | D:2      | Slain by a hobgoblin

Illustrated notes

Levels and vault maps discovered:
D:1:      psy_arrival_whirlpool, layout_basic,
          shapermc_ecumenical_altar_starsandcircs, minmay_strange_pillars
D:2:      kennysheep_big_flooded_room, layout_loops_corners, minmay_cut_off

Skill      XL: |  1  2 |
---------------+-------+-----
Polearms       | 2 3 |  3.7
Fighting       | |  3.0
Armour         | |  2.6
Shields        | |  2.1

Action                     |  1- 3 |  4- 6 || total
---------------------------+-------+-------++-------
  Melee: Trident           |    84 |     3 ||    87
 Armour: Scale mail        |    62 |     4 ||    66
  Dodge: Dodged            |    44 |     2 ||    46
  Block: Buckler           |    30 |     1 ||    31

Table legend: (Time is in decaauts)
 A = Elapsed time spent in this place.
 B = Non-inter-level travel time spent in this place.
 C = Inter-level travel time spent in this place.
 D = Time resting spent in this place.
 E = Time spent auto-exploring this place.
 F = Levels seen in this place.
 G = Mean time per level.
                   A        B        C        D        E       F      G
               +--------+--------+--------+--------+--------+-----+--------+
         Total |   1294 |   1259 |     35 |      0 |   1074 |   2 |  647.0 |
       Dungeon |   1294 |   1259 |     35 |      0 |   1074 |   2 |  647.0 |
               +--------+--------+--------+--------+--------+-----+--------+

Top non-repeatable levels by time:
     D:2: 696 daAuts
     D:1: 597 daAuts
